 Dungeon Crawl Stone Soup version 0.27-a0-650-g8dd3ea4f36 (webtiles) character file.

Game seed: 8468662327762880667

5329 siradein the Nimble (level 10, -5/79 HPs)
             Began as a Gnoll Gladiator on Mar 15, 2021.
             Was a Believer of Makhleb.
             Slain by an unseen horror (7 damage)
             ... on level 10 of the Dungeon.
             The game lasted 01:29:11 (16865 turns).

siradein the Nimble (Gnoll Gladiator)              Turns: 16865, Time: 01:29:12

Health: -5/79      AC: 13    Str: 15    XL:     10   Next: 64%
Magic:  18/18      EV:  9    Int:  8    God:    Makhleb [**....]
Gold:   566        SH:  0    Dex: 15    Spells: 19/19 levels left

rFire    . . .     SeeInvis .   b - +2 halberd
rCold    + . .     Faith    .   (shield currently unavailable)
rNeg     + . .     Spirit   .   y - +0 chain mail
rPois    .         Reflect  .   c - +0 helmet
rElec    .         Harm     .   (no cloak)
rCorr    .         Rampage  .   f - +0 pair of gloves
Will     .....                  q - +0 pair of boots
Stlth    ..........             (no amulet)
HPRegen  0.23/turn              A - ring of positive energy
MPRegen  0.16/turn              w - ring of protection from cold

@: no status effects
A: fangs 1, strong nose, distributed training
a: Renounce Religion, Minor Destruction


You were on level 10 of the Dungeon.
You worshipped Makhleb.
Makhleb was pleased with you.
You visited 2 branches of the dungeon, and saw 12 of its levels.

You collected 566 gold pieces.

Inventory:

Hand Weapons
 b - a +2 halberd (weapon)
 v - a +0 hunting sling
 E - a +4 flail of freezing
 F - a +3 shortbow of freezing
 I - a +2 dagger of venom
 N - a +0 hand crossbow
Missiles
 a - 74 bolts
 d - 3 throwing nets
 e - 285 arrows
 k - 2 atropa-tipped darts
 l - 19 boomerangs (quivered)
 n - 22 poisoned darts
 u - 90 sling bullets
Armour
 c - a +0 helmet (worn)
 f - a +0 pair of gloves (worn)
 q - a +0 pair of boots (worn)
 y - a +0 chain mail (worn)
 K - a +0 tower shield
Jewellery
 w - a ring of protection from cold (left hand)
 A - a ring of positive energy (right hand)
 O - a ring of magical power
Wands
 p - a wand of iceblast (19)
 z - a wand of mindburst (12)
 H - a wand of flame (52)
Scrolls
 g - 2 scrolls of enchant armour
 h - 3 scrolls of amnesia
 i - a scroll of fog {unknown}
 m - a scroll of immolation {unknown}
 r - 4 scrolls of teleportation
 s - 2 scrolls of random uselessness {unknown}
 t - 3 scrolls of fear
 B - a scroll of noise {unknown}
 C - a scroll of summoning {unknown}
 G - 4 scrolls of magic mapping
 M - a scroll of identify
 P - a scroll of blinking {unknown}
Potions
 o - a potion of magic
 x - 2 potions of mutation
 D - 3 potions of lignification
 J - 2 potions of curing {unknown}


   Skills:
 + Level 7.2 Fighting
 + Level 5.4 Short Blades
 + Level 5.4 Long Blades
 + Level 8.6 Axes
 + Level 5.4 Maces & Flails
 + Level 5.4 Polearms
 + Level 5.4 Staves
 + Level 5.4 Slings
 + Level 5.4 Bows
 + Level 5.4 Crossbows
 + Level 7.2 Throwing
 + Level 5.4 Armour
 + Level 8.6 Dodging
 + Level 5.4 Stealth
 + Level 5.4 Shields
 + Level 5.4 Unarmed Combat
 + Level 5.4 Spellcasting
 + Level 4.5 Conjurations
 + Level 4.5 Hexes
 + Level 4.5 Summonings
 + Level 4.5 Necromancy
 + Level 4.5 Translocations
 + Level 4.5 Transmutations
 + Level 4.5 Fire Magic
 + Level 4.5 Ice Magic
 + Level 4.5 Air Magic
 + Level 4.5 Earth Magic
 + Level 4.5 Poison Magic
 + Level 6.0 Invocations
 + Level 5.4 Evocations


You had 19 spell levels left.
You didn't know any spells.
Your spell library contained the following spells:

 Spells                   Type           Power      Damage    Failure   Level
 Poisonous Vapours        Pois/Air       18%        N/A       71%         2
 Confusing Touch          Hex            9%         N/A       90%         3
 Conjure Flame            Conj/Fire      9%         6-21      90%         3
 Gell's Gravitas          Tloc           4%         N/A       90%         3
 Mephitic Cloud           Conj/Pois/Air  9%         N/A       90%         3
 Petrify                  Tmut/Erth      9%         N/A       100%        4
 Metabolic Englaciation   Hex/Ice        4%         N/A       100%        5
 Yara's Violent Unravell  Hex/Tmut       4%         3d4       100%        5
 Freezing Cloud           Conj/Ice/Air   4%         6-21      100%        6


Dungeon Overview and Level Annotations

Branches:
Dungeon (11/15)            Temple (1/1) D:4            Lair (0/6) D:9
    Orc (0/2) D:9

Altars:
Ashenzari
Cheibriados
Dithmenos
Elyvilon
Fedhas
Gozag
Hepliaklqana
Kikubaaqudgha
Makhleb
Nemelex Xobeh
Okawaru
Qazlal
Ru
Sif Muna
Trog
Uskayaw
Vehumet
Wu Jian
Xom
Yredelemnul
Zin
The Shining One

Annotations:
D:10 Snorg


Innate Abilities, Weirdness & Mutations

You have very sharp teeth.
Your uncanny sense of smell can sniff out nearby items.
Your experience applies equally to all skills.


Message History

Level annotation: Snorg Reactivating autopickup.
There is a stone staircase leading down here.
Something hits you but does no damage.
Deactivating autopickup; reactivate with Ctrl-A.
Something hits you.
You miss something. Something hits you. x2
Something hits you but does no damage.
You hit something. Something hits you but does no damage.
Reach: b) +2 halberd
Press: ? - help, Dir - move target You reach to attack!
You puncture something! Something hits you.
You miss something. You bite something.
Something hits you but does no damage. x3
You barely miss something. You bite something.
Something hits you but does no damage.
You closely miss something. Something hits you. Something hits you.
Something hits you but does no damage. Something hits you but does no damage.
Something hits you. Something completely misses you.
There is a stone staircase leading down here.
You completely miss something. Something hits you. Something hits you. x2
You miss something. Something hits you!
* * * LOW HITPOINT WARNING * * *
Something hits you!
* * * LOW HITPOINT WARNING * * *
Something hits you but does no damage.
There is a stone staircase leading down here.
Something hits you but does no damage. x2
You hit something but do no damage. Something hits you.
* * * LOW HITPOINT WARNING * * *
Something hits you!
* * * LOW HITPOINT WARNING * * *
Something hits you but does no damage.
You miss something. Something hits you.
* * * LOW HITPOINT WARNING * * *
Something hits you.
* * * LOW HITPOINT WARNING * * *
Something hits you!
You die...

##.#.##.###......# #
#....##.....#....# #
#....######....### #
#...[# ##.#.#######
###..# #.#........
#..# #.#..###### #..#
#....# #
#.{#######.#.#######
#..@.>..............
#########..#...[....
#..######### #..#
#..## ######...#
#........#
#.####.#.########
#####.####.#........#


There were no monsters in sight!

Vanquished Creatures
  A komodo dragon (D:9)
  A water moccasin (D:9)
  4 sky beasts
  4 orc warriors
  4 ice beasts
  A black bear (D:7)
  5 ogres
  11 centaurs
  2 phantoms
  A kobold brigand (D:10)
  Blork the orc (D:4)
  5 bullfrogs
  2 scorpions
  A wyvern skeleton (D:9)
  4 killer bees (D:7)
  10 wights
  2 bullfrog zombies
  A centaur skeleton (D:8)
  4 hounds
  3 orc priests
  A jelly (D:8)
  2 bullfrog skeletons
  Ijyb (D:3)
  5 orc wizards
  4 worker ants
  A hound skeleton (D:9)
  2 worker ant zombies
  5 gnolls
  7 adders
  2 shadow imps (D:7)
  3 white imps
  2 oozes (D:1)
  2 adder zombies
  2 adder skeletons
  3 worms
  A dart slug (D:3)
  4 leopard geckos
  36 orcs
  11 bats
  6 giant cockroaches
  12 hobgoblins
  14 jackals
  6 quokkas
  4 ball pythons
  A ball python skeleton (D:5)
  4 frilled lizards
  15 goblins
  7 kobolds
  2 leopard gecko zombies (D:7)
  A quokka skeleton (D:7)
  7 rats
240 creatures vanquished.

Vanquished Creatures (others)
  An unseen horror (D:10)
  An ogre (D:7)
  A bullfrog (D:7)
  A hound (D:7)
  An orc wizard (D:7)
  A gnoll (D:7)
  An adder (D:7)
  An orc (D:7)
  3 plants (D:9)
11 creatures vanquished.

Grand Total: 251 creatures vanquished

Notes
Turn   | Place    | Note
-------+----------+-------------------------------------------
     0 | D:1      | siradein the Gnoll Gladiator began the quest for the Orb.
     0 | D:1      | Reached XP level 1. HP: 20/20 MP: 1/1
    38 | D:1      | Reached XP level 2. HP: 9/26 MP: 2/2
   478 | D:1      | Reached XP level 3. HP: 31/31 MP: 3/3
   631 | D:1      | Reached skill level 1 in Invocations
   859 | D:2      | Reached skill level 1 in Short Blades
   859 | D:2      | Reached skill level 1 in Long Blades
   859 | D:2      | Reached skill level 1 in Maces & Flails
   859 | D:2      | Reached skill level 1 in Polearms
   859 | D:2      | Reached skill level 1 in Staves
   859 | D:2      | Reached skill level 1 in Slings
   859 | D:2      | Reached skill level 1 in Bows
   859 | D:2      | Reached skill level 1 in Crossbows
   859 | D:2      | Reached skill level 1 in Armour
   859 | D:2      | Reached skill level 1 in Stealth
   859 | D:2      | Reached skill level 1 in Shields
   859 | D:2      | Reached skill level 1 in Unarmed Combat
   859 | D:2      | Reached skill level 1 in Spellcasting
   859 | D:2      | Reached skill level 1 in Evocations
   992 | D:2      | Reached XP level 4. HP: 32/38 MP: 5/5
  1824 | D:3      | Reached skill level 1 in Conjurations
  1824 | D:3      | Reached skill level 1 in Hexes
  1824 | D:3      | Reached skill level 1 in Summonings
  1824 | D:3      | Reached skill level 1 in Necromancy
  1824 | D:3      | Reached skill level 1 in Translocations
  1824 | D:3      | Reached skill level 1 in Transmutations
  1824 | D:3      | Reached skill level 1 in Fire Magic
  1824 | D:3      | Reached skill level 1 in Ice Magic
  1824 | D:3      | Reached skill level 1 in Air Magic
  1824 | D:3      | Reached skill level 1 in Earth Magic
  1824 | D:3      | Reached skill level 1 in Poison Magic
  2245 | D:3      | Noticed Ijyb
  2270 | D:3      | Killed Ijyb
  2271 | D:3      | Reached XP level 5. HP: 39/43 MP: 5/7
  2415 | D:3      | Found a radiant altar of Vehumet.
  2446 | D:3      | Found an iron altar of Okawaru.
  2833 | D:3      | Found a shimmering altar of Xom.
  2921 | D:4      | Noticed a phantom
  2941 | D:4      | Killed a phantom
  2942 | D:4      | Reached XP level 6. HP: 18/50 MP: 8/8
  3197 | D:4      | Found a staircase to the Ecumenical Temple.
  3197 | D:4      | Noticed Blork the orc
  3206 | D:4      | Killed Blork the orc
  3207 | D:4      | Reached skill level 5 in Fighting
  3207 | D:4      | Reached skill level 5 in Throwing
  3231 | Temple   | Entered the Ecumenical Temple
  3912 | D:4      | Reached XP level 7. HP: 39/56 MP: 10/10
  4472 | D:5      | Entered Level 5 of the Dungeon
  5951 | D:6      | Reached XP level 8. HP: 46/63 MP: 12/12
  7192 | D:6      | Found a burning altar of Makhleb.
  7195 | D:6      | Became a worshipper of Makhleb the Destroyer
  7198 | D:6      | Found an ancient bone altar of Kikubaaqudgha.
  7554 | D:7      | Found a shimmering altar of Xom.
  9413 | D:7      | HP: 4/96 [orc warrior/+0 glaive (4)]
  9415 | D:7      | Reached XP level 9. HP: 4/69 MP: 14/14
 10552 | D:8      | Reached * piety under Makhleb
 12136 | D:9      | Found a staircase to the Orcish Mines.
 12159 | D:9      | Found a broken altar of Ashenzari.
 12204 | D:9      | Reached skill level 5 in Invocations
 12920 | D:8      | Reached ** piety under Makhleb
 13478 | D:9      | Reached XP level 10. HP: 69/77 MP: 17/17
 13801 | D:9      | Found a staircase to the Lair.
 13895 | D:9      | Reached skill level 5 in Short Blades
 13895 | D:9      | Reached skill level 5 in Long Blades
 13895 | D:9      | Reached skill level 5 in Maces & Flails
 13895 | D:9      | Reached skill level 5 in Polearms
 13895 | D:9      | Reached skill level 5 in Staves
 13895 | D:9      | Reached skill level 5 in Slings
 13895 | D:9      | Reached skill level 5 in Bows
 13895 | D:9      | Reached skill level 5 in Crossbows
 13895 | D:9      | Reached skill level 5 in Armour
 13895 | D:9      | Reached skill level 5 in Stealth
 13895 | D:9      | Reached skill level 5 in Shields
 13895 | D:9      | Reached skill level 5 in Unarmed Combat
 13895 | D:9      | Reached skill level 5 in Spellcasting
 13895 | D:9      | Reached skill level 5 in Evocations
 14049 | D:10     | Entered Level 10 of the Dungeon
 14140 | D:10     | Noticed Snorg
 15740 | D:10     | Killed an unseen horror
 15777 | D:10     | HP: 3/78 [poisoned by a kobold]
 15782 | D:10     | HP: 3/78 [poisoned by a kobold]
 15790 | D:10     | HP: 2/78 [poisoned by a kobold]
 16701 | D:11     | Noticed a skeletal warrior
 16864 | D:10     | HP: 3/79 [something (1)]
 16864 | D:10     | HP: 1/79 [something (2)]
 16865 | D:10     | Slain by an unseen horror

Illustrated notes

Levels and vault maps discovered:
D:1:      eino_arrival_cavern_d, layout_rooms
D:2:      layout_loops_cross, minmay_misc_feat_rows
D:3:      kennysheep_goblin_castle, layout_loops_cross,
          nicolae_vehumet_radiance, okawaru_gym_becter, marbit_many_paths
D:4:      layout_basic, minmay_temple_entry_enclosed_plants, uniq_blork_the_orc
D:5:      layout_loops_ring, serial_bayou_pond_d
D:6:      cheibrodos_helix_gallery, layout_basic, minitemple,
          chequers_serial_rivers_small_3
D:7:      layout_basic, grunt_ministairs_10, minivault_22, xom_confusion_cloud
D:8:      layout_cave_pods, kennysheep_windowed_goal
D:9:      layout_cave_pods, ashenzari_conservatory_becter, david_lair_shrubbed,
          chequers_serial_rivers_micro_b
D:10:     layout_loops_ring, minmay_misc_feat_x, chequers_jeans,
          nicolae_benzene_ring, uniq_snorg
D:11:     layout_long_grid, serial_shops, statue_bzr, basic_altar,
          lemuel_statue_altar, uniq_grum, uniq_fannar
Temple:   eino_temple_rhombus

Skill      XL: |  1  2  3  4  5  6  7  8  9 10 |
---------------+-------------------------------+-----
Invocations    | 1 2 3 4 5 6 |  6.0
Short Blades   | 1 2 3 4 5 |  5.4
Long Blades    | 1 2 3 4 5 |  5.4
Maces & Flails | 1 2 3 4 5 |  5.4
Polearms       | 1 2 3 4 5 |  5.4
Staves         | 1 2 3 4 5 |  5.4
Slings         | 1 2 3 4 5 |  5.4
Bows           | 1 2 3 4 5 |  5.4
Crossbows      | 1 2 3 4 5 |  5.4
Armour         | 1 2 3 4 5 |  5.4
Stealth        | 1 2 3 4 5 |  5.4
Shields        | 1 2 3 4 5 |  5.4
Unarmed Combat | 1 2 3 4 5 |  5.4
Spellcasting   | 1 2 3 4 5 |  5.4
Evocations     | 1 2 3 4 5 |  5.4
Conjurations   | 1 2 3 4 |  4.5
Hexes          | 1 2 3 4 |  4.5
Summonings     | 1 2 3 4 |  4.5
Necromancy     | 1 2 3 4 |  4.5
Translocations | 1 2 3 4 |  4.5
Transmutations | 1 2 3 4 |  4.5
Fire Magic     | 1 2 3 4 |  4.5
Ice Magic      | 1 2 3 4 |  4.5
Air Magic      | 1 2 3 4 |  4.5
Earth Magic    | 1 2 3 4 |  4.5
Poison Magic   | 1 2 3 4 |  4.5
Fighting       | 5 6 7 |  7.2
Throwing       | 5 6 7 |  7.2
Axes           | 7 8 |  8.6
Dodging        | 7 8 |  8.6

Action                   |  1- 3 |  4- 6 |  7- 9 | 10-12 || total
-------------------------+-------+-------+-------+-------++-------
Melee: War axe           |   106 |    43 |       |       ||   149
       Bite              |     5 |    24 |    46 |    33 ||   108
       Short sword       |       |   135 |    38 |    16 ||   189
       Battleaxe         |       |       |   173 |       ||   173
       Halberd           |       |       |   152 |   133 ||   285
       Flail             |       |       |    57 |   142 ||   199
       Glaive            |       |       |    25 |       ||    25
       Punch             |       |       |     1 |     1 ||     2
 Fire: Hunting sling     |       |     3 |       |       ||     3
       Shortbow          |       |       |    18 |     7 ||    25
Throw: Boomerang         |       |       |     7 |     5 ||    12
  Use: Scroll            |       |       |     9 |     2 ||    11
       Potion            |       |       |     1 |     2 ||     3
 Stab: Sleeping          |       |     5 |       |       ||     5
       Distracted        |       |       |       |     1 ||     1
Armor: Leather armour    |    67 |    26 |       |       ||    93
       Ring mail         |       |     3 |       |       ||     3
       Chain mail        |       |       |   200 |   175 ||   375
       Skin              |       |       |     1 |     5 ||     6
       Plate armour      |       |       |    76 |       ||    76
Dodge: Dodged            |    99 |   125 |   167 |    93 ||   484
Block: Tower shield      |       |       |       |   109 ||   109

Table legend: (Time is in decaauts)
 A = Elapsed time spent in this place.
 B = Non-inter-level travel time spent in this place.
 C = Inter-level travel time spent in this place.
 D = Time resting spent in this place.
 E = Time spent auto-exploring this place.
 F = Levels seen in this place.
 G = Mean time per level.
                   A        B        C        D        E       F      G
               +--------+--------+--------+--------+--------+-----+--------+
         Total |  17117 |  16733 |    384 |   1976 |  11438 |  12 | 1426.4 |
       Dungeon |  16859 |  16475 |    384 |   1976 |  11199 |  11 | 1532.6 |
        Temple |    257 |    257 |      0 |      0 |    239 |   1 |  257.0 |
               +--------+--------+--------+--------+--------+-----+--------+

Top non-repeatable levels by time:
     D:7: 2680 daAuts
     D:6: 2307 daAuts
    D:10: 2226 daAuts
     D:8: 2064 daAuts
     D:9: 2060 daAuts
     D:4: 1307 daAuts
     D:5: 1138 daAuts
     D:3: 1131 daAuts
     D:2: 982 daAuts
     D:1: 818 daAuts
  Temple: 257 daAuts
    D:11: 141 daAuts
